 Dungeon Crawl Stone Soup version 0.22-a0-558-gc224181 (webtiles) character file.

47 Amnesiac the Vexing (level 3, -3/24 HPs)
             Began as a Mummy Enchanter on June 27, 2018.
             Killed by divine providence
             ... invoked by an orc priest
              (14 damage)
             ... on level 3 of the Dungeon.
             The game lasted 00:03:34 (2008 turns).

Amnesiac the Vexing (Mummy Enchanter)               Turns: 2008, Time: 00:03:35

Health: -3/24      AC:  2    Str: 11    XL:     3   Next: 48%
Magic:  7/7        EV: 12    Int: 15    God:
Gold:   107        SH:  0    Dex: 12    Spells: 1/7 levels left

rFire    x . .     SeeInvis .   a - +1 dagger
rCold    + . .     Gourm    .   (no shield)
rNeg     + + +     Faith    .   b - +0 robe
rPois    ∞         Spirit   .   (no helmet)
rElec    .         Reflect  .   (no cloak)
rCorr    .         Harm     .   (no gloves)
MR       .....                  (no boots)
Stlth    ++........             (no amulet)
HPRegen  0.08/turn              (no ring)
MPRegen  0.10/turn              (no ring)

@: no status effects
A: no food or potions, fire vulnerability, cold resistance 1, negative energy
resistance 3, torment resistance, unbreathing
a: no special abilities


You were on level 3 of the Dungeon.
You were not hungry.

You visited 1 branch of the dungeon, and saw 3 of its levels.

You collected 107 gold pieces.

Inventory:

Hand Weapons
 a - a +1 dagger (weapon)
Missiles
 c - 38 stones (quivered)
 d - 20 sling bullets
Armour
 b - a +0 robe (worn)
Scrolls
 f - a scroll of immolation {!r, unknown}
 g - a scroll of blinking {!r, unknown}


   Skills:
 - Level 2.6 Short Blades
 - Level 1.5 Dodging
 - Level 2.4 Stealth
 + Level 2.8 Spellcasting
 * Level 2.8 Hexes


You had one spell level left.
You knew the following spells:

 Your Spells              Type           Power        Failure   Level  Hunger
a - Ensorcelled Hibernat  Hex/Ice        #.....       17%         2    N/A
b - Corona                Hex            ##.....      6%          1    N/A
e - Confuse               Hex            ##......     19%         3    N/A

Your spell library contained the following spells:

 Spells                   Type           Power        Failure   Level  Hunger
 Tukima's Dance           Hex            ##......     19%         3    N/A
 Dazzling Spray           Conj/Hex       #.....       34%         3    N/A

Dungeon Overview and Level Annotations

Branches:
Dungeon (3/15)

Altars:


Innate Abilities, Weirdness & Mutations

You do not eat or drink.
Your flesh is vulnerable to fire.
You are immune to poison.
Your flesh is cold resistant. (rC+)
You are immune to negative energy. (rN+++)
You are immune to unholy pain and torment.
You can survive without breathing.


Message History

Your magical contamination has completely faded away.
You start resting.
Magic restored.
You start resting.
Magic restored.
You start resting.
HP restored.
You start resting.
HP restored.
Key pressed, stopping explore.
You see here a ration.
You open the door.
There is an open door here.
You see here a spear.
Key pressed, stopping explore.
You open the door.
There is an open door here.
The jackal is too close now for your liking.
The jackal barks!
A jackal comes into view.
Casting: Ensorcelled Hibernation (safe; 17% risk of failure)
Confirm with . or Enter, or press ? or * to list all spells.
Aiming: Ensorcelled Hibernation (safe; 17% risk of failure)
Press: ? - help, Shift-Dir - straight line, f - jackal
Aim: a jackal (chance to defeat MR: 55%)
The jackal resists with significant effort.
The jackal barely misses you.
You hit the jackal.
The jackal is moderately wounded.
The jackal closely misses you.
The jackal bites you but does no damage.
You hit the jackal.
The jackal is almost dead.
The jackal closely misses you.
You completely miss the jackal.
The jackal is almost dead.
The jackal barely misses you.
You closely miss the jackal.
The jackal is almost dead.
The jackal bites you.
You hit the jackal.
You kill the jackal!
You start resting.
HP restored.
You start waiting.
An orc comes into view. It is wielding a flail.
An orc is nearby!
An orc is nearby!
There is an open door here.
An orc comes into view. It is wielding a whip.
An orc and an orc priest come into view.
The orc shouts!
The jackal barks!
The orc shouts!
You hear a bark!
The orc priest shouts!
You hear a shout!
You barely miss the jackal.
The orc priest mumbles some strange prayers to Beogh against you.
Beogh smites you! The jackal closely misses you.
You hear a bark!
The jackal bites you.
* * * LOW HITPOINT WARNING * * *
There is an open door here.
The orc priest invokes the aid of Beogh against you.
Beogh smites you!
Ouch! That really hurt!
You die...

.#....(.#.'............#.........
.##.###.###...........)#.#.......
....###+###............###.......
..........'............%.'.......
..........#...........####.......
..........#...........## #.......
..........#............# #.......
#############....#####.# ########
#...@#####.# #....'ho.o.#########
#....####..oh......# #.####
#..........# #.# #..o...!...# #.#
#..........# #.# #..........#
##'## #..........#
.....h####..........#


You could see an orc priest, 2 orcs and a jackal.

Vanquished Creatures
  A leopard gecko (D:1)
  9 goblins
  4 hobgoblins
  9 jackals
  2 kobolds
  A quokka (D:2)
  9 bats
  2 frilled lizards (D:1)
  4 rats
41 creatures vanquished.

Notes
Turn   | Place    | Note
-------+----------+-------------------------------------------
     0 | D:1      | Amnesiac the Mummy Enchanter began the quest for the Orb.
     0 | D:1      | Reached XP level 1. HP: 13/13 MP: 4/4
    81 | D:1      | Reached skill level 1 in Short Blades
   241 | D:1      | Reached XP level 2. HP: 12/19 MP: 2/5
   245 | D:1      | Learned a level 2 spell: Ensorcelled Hibernation
   976 | D:2      | Reached XP level 3. HP: 11/24 MP: 7/7
  1013 | D:1      | Learned a level 3 spell: Confuse
  2008 | D:3      | Killed from afar by an orc priest

Vault maps used:
D:1:      dpeg_arrival_signposts
D:2:      kennysheep_generic_room_5

Skill      XL: |  1  2 |
---------------+-------+-----
Short Blades   | 1 2 |  2.6
Dodging        | |  1.5
Stealth        | |  2.4
Spellcasting   | |  2.8
Hexes          | |  2.8

Action                   || total
-------------------------++-------
Melee: Dagger            ||   173
 Cast: Corona            ||     6
       Ensorcelled Hiber ||     6
       Confuse           ||     1
  Use: Scroll            ||     1
 Stab: Sleeping          ||     4
Armor: Robe              ||    47
Dodge: Dodged            ||   142

Table legend:
 A = Spawn XP
 B = Non-spawn XP
 C = Spawn XP percentage of total XP
 D = Spawn monster count
 E = Non-spawn monster count
 F = Spawn count percentage of total count
 G = Total turns spent on level
                    A         B        C        D         E        F      G
               +---------+---------+-------+---------+---------+-------+---------
         Total |       0 |      68 |   0.0 |       0 |      41 |   0.0 |  2008
               +---------+---------+-------+---------+---------+-------+---------
           D:1 |       0 |      38 |   0.0 |       0 |      23 |   0.0 |  1160
           D:2 |       0 |      12 |   0.0 |       0 |       8 |   0.0 |   108
           D:3 |       0 |      18 |   0.0 |       0 |      10 |   0.0 |   740
               +---------+---------+-------+---------+---------+-------+---------
